 Dungeon Crawl Stone Soup version 0.28-a0-816-gb054d885db (webtiles) character file.

Game seed: 10609861641229553111

702 emperorscorpion the Magician (level 7, -1/46 HPs)
             Began as a Djinni Necromancer on Nov 8, 2021.
             Shot with an arrow by a centaur (4 damage)
             ... on level 5 of the Dungeon.
             The game lasted 00:14:38 (7594 turns).

emperorscorpion the Magician (Djinni Necromancer)   Turns: 7594, Time: 00:14:40

Health: -1/46      AC:  5    Str:  5 (7)  XL:     7   Next: 98%
Gold:   167        EV: 12    Int: 18 (19) God:
                   SH:  3    Dex: 11 (13)

rFire   + + .      SeeInvis .   p - +0 spear
rCold   x . .      Faith    .   q - +0 buckler
rNeg    . . .      Spirit   .   a - +0 robe
rPois   ∞          Reflect  .   (no helmet)
rElec   .          Harm     .   (no cloak)
rCorr   +          Rampage  .   i - +2 pair of gloves
Will    .....                   (boots unavailable)
Stlth   ++........              (no amulet)
HPRegen 0.15/turn               b - +4 ring of slaying
MPRegen 0.00/turn               s - ring of resist corrosion

@: flying
A: sickness immunity, fire resistance 2, cold vulnerability 1, float, innate
caster, hp casting, extra vitality 1
a: no special abilities


You were on level 5 of the Dungeon.
You visited 1 branch of the dungeon, and saw 5 of its levels.

You collected 167 gold pieces.

Inventory:

Hand Weapons
 e - a +0 short sword
 p - a +0 spear (weapon)
Missiles
 h - 4 javelins
 l - 23 poisoned darts
 n - 2 boomerangs
Armour
 a - a +0 robe (worn)
 i - a +2 pair of gloves (worn)
 q - a +0 buckler (worn)
Jewellery
 b - a +4 ring of slaying (left hand)
 f - a ring of fire
 s - a ring of resist corrosion (right hand)
Wands
 g - a wand of iceblast (4)
 r - a wand of polymorph (8)
Potions
 c - 6 potions of heal wounds
 d - a potion of curing
 j - 2 potions of resistance
 k - 3 potions of haste {unknown}
 m - a potion of invisibility {unknown}
 o - a potion of might {unknown}


   Skills:
 + Level 0.9 Fighting
 - Level 0.2 Short Blades
 + Level 0.4 Polearms
 + Level 2.9 Dodging
 + Level 2.7 Stealth
 + Level 0.7 Shields
 + Level 6.4 Spellcasting


You couldn't memorise any spells.
You knew the following spells:

 Your Spells              Type           Power      Damage    Failure   Level
a - Pain                  Necr           100%       1d9       1%          1
b - Animate Skeleton      Necr           58%        N/A       1%          1
c - Vampiric Draining     Necr           29%        2d8       3%          3
d - Animate Dead          Necr           14%        N/A       12%         4
e - Agony                 Necr           29%        N/A       32%         5
f - Freeze                Ice            100%       1d11      1%          1
g - Searing Ray           Conj           58%        2d6       1%          2
h - Conjure Flame         Conj/Fire      29%        6-21      3%          3
Your spell library was empty.

Dungeon Overview and Level Annotations

Branches:
Dungeon (5/15)
 Temple: D:4-7

Altars:
Ru
Sif Muna
Zin

Shops:
D:3 (   D:4 (?!!*


Innate Abilities, Weirdness & Mutations

You are immune to sickness and miasma.
You are immune to poison.
Your flesh is very heat resistant. (rF++)
You are vulnerable to cold. (rC-)
You float through the air rather than walking.
You learn spells naturally, not from books.
Your magical power is your life essence.
You have superior vitality. (+4 HP)


Message History

A centaur comes into view.
Found a scroll labelled XIAWYCW JUELOH.
The centaur shouts!
The centaur wields a +0 shortbow.
The centaur shoots an arrow.
The arrow hits you!
The centaur shoots an arrow.
The arrow misses you.
The centaur shoots an arrow.
The arrow hits you!
The centaur shoots an arrow.
The arrow barely misses you.
Casting: Searing Ray (safe; 1% risk of failure)
Confirm with . or Enter, or press ? or * to list all spells.
Aiming: Pain (safe; 1% risk of failure)
Press: ? - help, Shift-Dir - straight line, f - centaur
Aim: a centaur, wielding a +0 shortbow and quivering arrows (chance to affect: 84%)
The centaur writhes in agony!
The centaur shoots an arrow.
The arrow hits you.
Casting: Pain (safe; 1% risk of failure)
Confirm with . or Enter, or press ? or * to list all spells.
Aiming: Pain (safe; 1% risk of failure)
Press: ? - help, Shift-Dir - straight line, f/p - centaur
Aim: a centaur, wielding a +0 shortbow and quivering arrows (heavily wounded, chance to affect: 84%)
The centaur writhes in agony.
The centaur shoots an arrow.
The arrow hits you!
* * * LOW HITPOINT WARNING * * *
The centaur shoots an arrow.
The arrow hits you.
* * * LOW HITPOINT WARNING * * *
Casting: Pain (safe; 1% risk of failure)
Confirm with . or Enter, or press ? or * to list all spells.
Aiming: Pain (safe; 1% risk of failure)
Press: ? - help, Shift-Dir - straight line, f/p - centaur
Aim: a centaur, wielding a +0 shortbow and quivering arrows (severely wounded, chance to affect: 84%)
The centaur barely resists.
* * * LOW HITPOINT WARNING * * *
The centaur shoots an arrow.
The arrow completely misses you.
Casting: Pain (safe; 1% risk of failure)
Confirm with . or Enter, or press ? or * to list all spells.
Aiming: Pain (safe; 1% risk of failure)
Press: ? - help, Shift-Dir - straight line, f/p - centaur
Aim: a centaur, wielding a +0 shortbow and quivering arrows (severely wounded, chance to affect: 84%)
The centaur writhes in agony.
* * * LOW HITPOINT WARNING * * *
The centaur shoots an arrow.
The arrow hits you.
You die...

######### #.?.....c#
#........# +........#
#./......# #.......@#
#........# #........# .
##########.......# ...
..#.....########'##.....
..#....<........†.......
..#.....................
..#.....................
..#.....##.......#######


You could see a centaur.

Vanquished Creatures
  Menkaure (D:5)
  A water moccasin (D:4)
  An ogre (D:5)
  3 hounds
  2 bullfrog skeletons
  Natasha (thrice) (D:3)
  A hound skeleton (D:4)
  A gnoll (D:1)
  A howler monkey skeleton (D:5)
  7 adders
  A shadow imp (D:4)
  An ufetubus (D:5)
  5 dart slugs
  2 orcs
  5 ball pythons
  6 bats
  3 endoplasms
  2 giant cockroaches
  6 goblins
  4 hobgoblins
  10 kobolds
  3 quokkas
  2 frilled lizards (D:3)
  6 rats
77 creatures vanquished.

Notes
Turn   | Place    | Note
-------+----------+-------------------------------------------
     0 | D:1      | emperorscorpion the Djinni Necromancer began the quest for
                  | the Orb.
     0 | D:1      | Reached XP level 1. HP: 15/15 MP: 0/0
   430 | D:1      | Reached XP level 2. HP: 14/21 MP: 0/0
   876 | D:1      | Found a faded altar of an unknown god.
  1448 | D:1      | Reached XP level 3. HP: 7/25 MP: 0/0
  1448 | D:1      | Learned a level 1 spell: Freeze
  1778 | D:1      | Reached skill level 4 in Spellcasting
  2703 | D:2      | Reached XP level 4. HP: 24/31 MP: 0/0
  4555 | D:3      | Reached XP level 5. HP: 28/35 MP: 0/0
  4555 | D:3      | Learned a level 2 spell: Searing Ray
  4692 | D:3      | Found Hairy's Antique Weapon Emporium.
  5047 | D:3      | Noticed Natasha
  5055 | D:3      | Killed Natasha
  5243 | D:3      | Noticed Natasha
  5250 | D:3      | Killed Natasha
  5251 | D:3      | Reached skill level 5 in Spellcasting
  5443 | D:3      | Noticed Natasha
  5449 | D:3      | Killed Natasha
  5450 | D:3      | Reached XP level 6. HP: 34/40 MP: 0/0
  5658 | D:4      | Found Nilaikh's Mass Market.
  5738 | D:4      | Noticed a water moccasin
  5743 | D:4      | Killed a water moccasin
  5844 | D:4      | Reached XP level 7. HP: 26/45 MP: 0/0
  5844 | D:4      | Learned a level 3 spell: Conjure Flame
  6356 | D:4      | Found Isidwaw's Distillery.
  6356 | D:4      | Found Puppon's Antique Weapon Shoppe.
  6360 | D:4      | Found Mefuokh's Distillery.
  6361 | D:4      | Found Kaimp's Magic Scroll Shoppe.
  6715 | D:5      | Entered Level 5 of the Dungeon
  6797 | D:5      | Noticed Menkaure
  6814 | D:5      | Killed Menkaure
  6815 | D:5      | Reached skill level 6 in Spellcasting
  6994 | D:5      | Found a glowing silver altar of Zin.
  7081 | D:5      | Found a sacrificial altar of Ru.
  7594 | D:5      | Shot with an arrow by a centaur

Illustrated notes

Levels and vault maps discovered:
D:1:      ebering_trefoil_3fold, layout_basic,
          hellmonk_ecumenical_altar_lost_god, minmay_misc_feat_ornament
D:2:      layout_loops_corners
D:3:      layout_basic, serial_shops, nicolae_shop_stone, minmay_cut_off,
          uniq_natasha
D:4:      layout_loops_ring, minmay_shop_mass, minmay_shop_grid_forest,
          minmay_misc_feat_rugged, minmay_distorted
D:5:      layout_gridville, mainiacjoe_overflow_24_doors,
          gammafunk_temple_overflow_statue, uniq_edmund, uniq_menkaure

Skill      XL: |  1  2  3  4  5  6  7 |
---------------+----------------------+-----
Spellcasting   | 4 5 6 |  6.4
Stealth        | 2 |  2.7
Fighting       | |  0.9
Short Blades   | |  0.2
Polearms       | |  0.4
Dodging        | |  2.9
Shields        | |  0.7

Action                   |  1- 3 |  4- 6 |  7- 9 || total
-------------------------+-------+-------+-------++-------
Melee: Short sword       |     6 |    14 |       ||    20
       Spear             |       |       |    11 ||    11
 Cast: Pain              |    49 |    60 |     8 ||   117
       Animate Skeleton  |     6 |     3 |       ||     9
       Vampiric Draining |     2 |    26 |     2 ||    30
       Agony             |       |     1 |       ||     1
       Searing Ray       |       |       |     8 ||     8
       Conjure Flame     |       |       |     4 ||     4
  Use: Scroll            |     5 |     3 |     1 ||     9
       Potion            |       |     1 |     2 ||     3
 Stab: Sleeping          |     1 |     4 |     3 ||     8
Armor: Robe              |     5 |    11 |     3 ||    19
Dodge: Dodged            |    18 |    41 |    12 ||    71
Block: Buckler           |       |       |     3 ||     3

Table legend: (Time is in decaauts)
 A = Elapsed time spent in this place.
 B = Non-inter-level travel time spent in this place.
 C = Inter-level travel time spent in this place.
 D = Time resting spent in this place.
 E = Time spent auto-exploring this place.
 F = Levels seen in this place.
 G = Mean time per level.
                   A        B        C        D        E       F      G
               +--------+--------+--------+--------+--------+-----+--------+
         Total |   7594 |   7329 |    265 |    970 |   5764 |   5 | 1518.8 |
       Dungeon |   7594 |   7329 |    265 |    970 |   5764 |   5 | 1518.8 |
               +--------+--------+--------+--------+--------+-----+--------+

Top non-repeatable levels by time:
     D:1: 2278 daAuts
     D:2: 1862 daAuts
     D:3: 1517 daAuts
     D:4: 1057 daAuts
     D:5: 879 daAuts
